 Dungeon Crawl Stone Soup version 0.28.0-43-g3370ac3207 (webtiles) character file.

Game seed: 13805997984084790809

414 fknight the Poker (level 7, 0/82 HPs)
             Began as a Human Berserker on Mar 16, 2022.
             Was a Believer of Trog.
             Slain by a jelly (3 damage)
             ... on level 4 of the Dungeon.
             The game lasted 00:15:53 (4286 turns).

fknight the Poker (Human Berserker)                 Turns: 4286, Time: 00:15:54

Health: 0/82       AC: -6    Str: 19    XL:     7   Next: 14%
Magic:  7/7        EV:  6    Int:  8    God:    Trog [**....]
Gold:   55         SH:  6    Dex: 12    Spells: 6/6 levels left

rFire   . . .      SeeInvis .   w - +4 dagger
rCold   + . .      Faith    +   A - +0 kite shield
rNeg    . . .      Spirit   .   l - +0 chain mail
rPois   .          Reflect  .   (no helmet)
rElec   .          Harm     .   (no cloak)
rCorr   .          Rampage  .   (no gloves)
Will    .....                   (no boots)
Stlth   ..........              F - amulet of faith
HPRegen 0.23/turn               g - ring of protection from cold
MPRegen 0.10/turn               (no ring)

@: berserking, corroded, studying Dodging, very quick
A: no striking features
a: Renounce Religion, Berserk, Trog's Hand


You were on level 4 of the Dungeon.
You worshipped Trog.
Trog was pleased with you.
You visited 1 branch of the dungeon, and saw 4 of its levels.

You collected 167 gold pieces.
You spent 112 gold pieces at shops.

Inventory:

Hand Weapons
 a - a +0 spear
 i - a +0 dagger of venom
 o - a +1 dagger of electrocution
 p - a +0 halberd
 w - a +4 dagger (weapon)
 y - the +6 hunting sling of the Unseen Realm {flame, rF- Str-2 Int+8}
   (You found it on level 3 of the Dungeon)

   Any ammunition fired from it burns those it strikes, dealing additional fire
   damage.
   Str:       It affects your strength (-2).
   Int:       It affects your intelligence (+8).
   rF:        It makes you vulnerable to fire.
 D - a +0 hand crossbow
Missiles
 c - 177 stones (quivered)
 d - 13 poisoned darts
 n - 2 boomerangs
 v - 8 sling bullets
 E - 27 bolts
Armour
 l - a +0 chain mail (worn)
 A - a +0 kite shield (worn)
Jewellery
 g - a ring of protection from cold (left hand)
 j - an amulet of regeneration
 F - an amulet of faith (around neck)
Wands
 s - a wand of iceblast (7)
Scrolls
 b - 2 scrolls of blinking {unknown}
 h - 6 scrolls of identify {unknown}
 m - a scroll of acquirement {unknown}
 r - a scroll of enchant armour {unknown}
 t - a scroll of amnesia {unknown}
 u - a scroll of noise {unknown}
 x - a scroll of fog {unknown}
 G - a scroll of vulnerability {unknown}
Potions
 e - a potion of degeneration {unknown}
 f - a potion of haste
 k - a potion of brilliance {unknown}
 q - a potion of resistance {unknown}
 z - a potion of berserk rage {unknown}
 B - a potion of curing {unknown}
 C - a potion of flight {unknown}


   Skills:
 + Level 4.4 Fighting
 + Level 4.6 Polearms
 + Level 3.8 Armour
 + Level 3.8 Dodging


You had 6 spell levels left.
You didn't know any spells.
Your spell library was empty.

Dungeon Overview and Level Annotations

Branches:
Dungeon (4/15)
 Temple: D:4-7

Altars:
Uskayaw

Shops:
D:1 [

Annotations:
D:3 1 runed translucent door, GilGalad's ghost, amateur DDFi


Message History

You block the jelly's attack.
You puncture the jelly! The acid corrodes you!
Your hands burn!
The jelly is heavily wounded.
The jelly hits you.
You are splashed with acid!
You hit the jelly but do no damage. The acid corrodes you!
Your hands burn!
The jelly is heavily wounded.
The jelly hits you.
You are splashed with acid!
You hit the jelly. The acid corrodes you!
Your hands burn!
The jelly is severely wounded.
The jelly hits you.
You are splashed with acid.
* * * LOW HITPOINT WARNING * * *
You hit the jelly but do no damage.
Your hands burn!
* * * LOW HITPOINT WARNING * * *
The jelly is severely wounded.
The jelly closely misses you. The jelly barely misses you.
A red film seems to cover your vision as you go berserk!
You feel yourself moving faster!
You feel mighty! The jelly barely misses you.
You hit the jelly.
Your hands burn!
* * * LOW HITPOINT WARNING * * *
The jelly is severely wounded.
You completely miss the jelly.
The jelly is severely wounded.
The jelly completely misses you.
You barely miss the jelly.
The jelly is severely wounded.
You block the jelly's attack.
You hit the jelly.
Your hands burn!
* * * LOW HITPOINT WARNING * * *
The jelly is almost dead.
The jelly hits you.
* * * LOW HITPOINT WARNING * * *
The acid corrodes you!
You are splashed with acid!
* * * LOW HITPOINT WARNING * * *
Okay, then.
You can't wield that with only one hand.
You hit the jelly but do no damage.
Your hands burn!
* * * LOW HITPOINT WARNING * * *
The jelly is almost dead.
The jelly hits you.
You die...

####.##..........##.#...##.#
# ##.###..########.#.####.#
# #...#.# #.#.# #.# #####.#
#.#.####.# ##...##
#........# #### ##.....##
###.###### ...# ##......(##
##..#
...###.........####...##
...............J@......#
...###.........####...##
.#.# #.......## #..## ##.#
##.....## #.## #.# ##...##
#.# ##.# ##.## #.#
...#######.# #.#
###........# #.#
#.#####..### #.#


You could see a jelly.

Vanquished Creatures
  A necrophage (D:4)
  A centaur skeleton (D:4)
  An orc priest (D:3)
  Ijyb (D:3)
  A jelly (D:4)
  2 orc wizards
  3 gnolls (D:3)
  An adder (D:4)
  A white imp (D:3)
  2 adder skeletons (D:4)
  4 worms
  7 orcs
  7 ball pythons
  6 endoplasms
  3 giant cockroaches
  6 goblins
  4 hobgoblins
  10 jackals
  4 quokkas
  8 bats
  4 frilled lizards
  10 kobolds
  9 rats
96 creatures vanquished.

Notes
Turn   | Place    | Note
-------+----------+-------------------------------------------
     0 | D:1      | fknight the Human Berserker began the quest for the Orb.
     0 | D:1      | Reached XP level 1. HP: 18/18 MP: 1/1
   211 | D:1      | Reached XP level 2. HP: 23/24 MP: 2/2
   489 | D:1      | Found a faded altar of an unknown god.
  1056 | D:1      | Reached XP level 3. HP: 28/29 MP: 3/3
  1059 | D:1      | Found Vuchuh's Antique Armour Shoppe.
  1653 | D:2      | Reached ** piety under Trog
  1891 | D:2      | Found a hide-covered altar of Uskayaw.
  1991 | D:2      | Reached XP level 4. HP: 35/35 MP: 4/4
  2472 | D:3      | Noticed Ijyb
  2619 | D:2      | Reached XP level 5. HP: 38/41 MP: 5/5
  2875 | D:3      | Killed Ijyb
  3003 | D:3      | Identified the +6 hunting sling of the Unseen Realm {flame,
                  | rF- Str-2 Int+8}
  3047 | D:3      | Found a runed translucent door.
  3047 | D:3      | Noticed a necrophage
  3048 | D:3      | Noticed GilGalad's ghost (amateur DDFi)
  3208 | D:3      | Reached XP level 6. HP: 36/48 MP: 6/6
  3454 | D:1      | Bought a kite shield for 112 gold pieces
  3576 | D:4      | Noticed a necrophage
  3589 | D:4      | Killed a necrophage
  3800 | D:4      | Reached XP level 7. HP: 20/55 MP: 7/7
  4286 | D:4      | HP: 3/82 [acid (2)]
  4286 | D:4      | Slain by a jelly

Illustrated notes

Levels and vault maps discovered:
D:1:      dpeg_arrival_morbid_curiosity, layout_loops_corners,
          hellmonk_ecumenical_altar_lost_god, serial_shops, nicolae_shop_crystal
D:2:      layout_basic, basic_altar, minmay_fractal_squares_5
D:3:      layout_rooms, ebering_ghost_inner_flame, minmay_misc_feat_five,
          st_stairs_13, uniq_ijyb
D:4:      layout_loops_corners

Skill      XL: |  1  2  3  4  5 |
---------------+----------------+-----
Armour         | 3 |  3.8
Dodging        | 3 |  3.8
Polearms       | 4 |  4.6
Fighting       | 4 |  4.4

Action                   |  1- 3 |  4- 6 |  7- 9 || total
-------------------------+-------+-------+-------++-------
Melee: Spear             |   143 |    75 |       ||   218
       Punch             |     1 |     1 |       ||     2
       Halberd           |       |    55 |       ||    55
       Dagger            |       |    33 |    11 ||    44
 Fire: Hunting sling     |       |    37 |    13 ||    50
Throw: Stone             |       |     9 |       ||     9
Invok: Berserk           |       |     4 |     1 ||     5
       Trog's Hand       |       |     2 |       ||     2
 Stab: Sleeping          |     2 |       |       ||     2
Armor: Animal skin       |    12 |       |       ||    12
       Leather armour    |     6 |       |       ||     6
       Chain mail        |     4 |   136 |     3 ||   143
Dodge: Dodged            |    81 |    65 |     4 ||   150
Block: Kite shield       |       |     7 |     2 ||     9
